 Dungeon Crawl Stone Soup version 0.28-a0-479-g5baa6b73be (webtiles) character file.

Game seed: 17058571841347793789

606 Dabor the Chopper (level 7, -20/38 HPs)
             Began as a Vine Stalker Berserker on Sept 18, 2021.
             Was a Priest of Trog.
             Demolished by an orc warrior (22 damage)
             ... on level 5 of the Dungeon.
             The game lasted 00:07:17 (5545 turns).

Dabor the Chopper (Vine Stalker Berserker)          Turns: 5545, Time: 00:07:17

Health: -20/38     AC:  5    Str: 20    XL:     7   Next: 42%
Magic:  0/8        EV: 12    Int:  7    God:    Trog [***...]
Gold:   234        SH:  0    Dex: 15    Spells: 6/6 levels left

rFire   . . .      SeeInvis .   i - +3 halberd
rCold   . . .      Faith    .   (shield currently unavailable)
rNeg    . . .      Spirit   +   j - +0 ring mail
rPois   .          Reflect  .   (no helmet)
rElec   .          Harm     .   (no cloak)
rCorr   .          Rampage  .   (no gloves)
Will    .....                   (no boots)
Stlth   +.........              (no amulet)
HPRegen 1.12/turn               (no ring)
MPRegen 0.11/turn               (no ring)

@: no status effects
A: fangs 2, regeneration 1, magic shield, antimagic bite, no potion heal 2
a: Renounce Religion, Berserk, Trog's Hand


You were on level 5 of the Dungeon.
You worshipped Trog.
Trog was most pleased with you.
You visited 1 branch of the dungeon, and saw 5 of its levels.

You collected 234 gold pieces.

Inventory:

Hand Weapons
 a - a +0 hand axe
 i - a +3 halberd (weapon)
Missiles
 l - 7 atropa-tipped darts
 o - 14 poisoned darts (quivered)
Armour
 b - a +0 animal skin
 j - a +0 ring mail (worn)
Scrolls
 c - 6 scrolls of noise
 g - a scroll of identify
 h - 4 scrolls of enchant armour
 k - 3 scrolls of teleportation
 n - a scroll of amnesia
 p - a scroll of fear
 q - a scroll of magic mapping {unknown}
Potions
 d - 2 potions of heal wounds
 e - 3 potions of curing
 f - a potion of mutation
 m - a potion of flight


   Skills:
 * Level 4.3 Fighting
 * Level 4.4 Axes
 + Level 0.5 Throwing
 * Level 3.5 Armour
 + Level 3.4 Dodging
 + Level 0.7 Stealth


You had 6 spell levels left.
You didn't know any spells.
Your spell library was empty.

Dungeon Overview and Level Annotations

Branches:
Dungeon (5/15)
 Temple: D:4-7

Altars:
Dithmenos
Gozag
Nemelex Xobeh
Trog
Zin

Shops:
D:2 !:?[


Innate Abilities, Weirdness & Mutations

You have extremely sharp teeth.
Your natural rate of healing is unusually fast.
When hurt, damage is shared between your health and your magic reserves.
Your bite disrupts and absorbs the magic of your enemies.
Potions cannot restore your health.


Message History

The orc is almost dead.
The orc warrior barely misses you.
You barely miss the orc. Your bite misses the orc.
The orc is severely wounded.
The orc closely misses you. The orc warrior completely misses you.
The orc hits you but does no damage.
The orc warrior hits you from afar with a +0 glaive!
You slash the orc!
You kill the orc!
Trog accepts your kill. The orc barely misses you.
The orc warrior barely misses you.
You slash the orc!
You kill the orc!
Trog accepts your kill. The orc warrior closely misses you.
You reach to attack!
You completely miss the orc warrior.
The orc warrior is lightly wounded.
The orc warrior hits you from afar with a +0 glaive!
The orc warrior closely misses you.
You reach to attack!
You hit the orc warrior.
The orc warrior is moderately wounded.
The orc warrior looks more healthy.
The orc warrior hits you from afar with a +0 glaive!!
Ouch! That really hurt!
* * * LOW HITPOINT WARNING * * *
You are too injured to fight recklessly!
You are too injured to fight recklessly!
The orc warrior barely misses you.
Things that are here:
a +0 falchion; an orc corpse Reach: i) +3 halberd
Press: ? - help, Dir - move target, f/p - orc warrior
Aim: an orc warrior, wielding a +0 glaive and wearing a +0 plate armour (moderately wounded, about 41% to evade your +3 halberd)
You reach to attack!
You closely miss the orc warrior.
The orc warrior is moderately wounded.
The orc warrior hits you from afar with a +0 glaive! x2
* * * LOW HITPOINT WARNING * * *
The orc warrior hits you from afar with a +0 glaive!!
Ouch! That really hurt!
You die...

.... ##.........#.##..
#######'## ##.......##.....
#.....).)# ##.....######.#
#.######.# ##...## #..
#.######.# ##'## ###
##......#.# #.# #
#.........##### #.# #
#...........o..# ##.## #
#...........##@# ##...## #
#...........##.###...#.## #
##.♣♣._.♣..###......###.#######
###.♣♣♣♣### #####.## ##....)..
## ##.###.####### ##.#.## ##.##
###


You could see an orc warrior.

Vanquished Creatures
  2 ogres (D:4)
  A scorpion (D:4)
  A jelly (D:2)
  A hound (D:5)
  2 centaur skeletons (D:5)
  A gnoll shaman (D:2)
  A hound zombie (D:5)
  8 gnolls
  5 adders
  An adder skeleton (D:4)
  3 worms
  5 dart slugs
  13 orcs
  6 ball pythons
  An endoplasm (D:1)
  3 giant cockroaches
  8 goblins
  3 hobgoblins
  3 kobolds
  3 quokkas
  4 bats
  6 frilled lizards
  6 rats
87 creatures vanquished.

Vanquished Creatures (others)
  5 fungi (D:2)
  11 plants
16 creatures vanquished.

Grand Total: 103 creatures vanquished

Notes
Turn   | Place    | Note
-------+----------+-------------------------------------------
     0 | D:1      | Dabor the Vine Stalker Berserker began the quest for the
                  | Orb.
     0 | D:1      | Reached XP level 1. HP: 11/11 MP: 2/2
   181 | D:1      | Reached XP level 2. HP: 13/16 MP: 3/3
   818 | D:1      | Reached XP level 3. HP: 16/20 MP: 4/4
  1556 | D:2      | Gained mutation: Your natural rate of healing is unusually
                  | fast. [Vine Stalker growth]
  1556 | D:2      | Reached XP level 4. HP: 12/24 MP: 5/5
  1771 | D:2      | Found Unga's Book Boutique.
  1971 | D:2      | Found Qyrub's Antique Armour Shop.
  2096 | D:2      | Found Gasmigg's Distillery.
  2152 | D:2      | Reached ** piety under Trog
  2190 | D:2      | Found a faded altar of an unknown god.
  2231 | D:2      | Found Qaas's Magic Scroll Shop.
  2438 | D:2      | Reached XP level 5. HP: 25/28 MP: 4/6
  4047 | D:4      | Reached XP level 6. HP: 33/33 MP: 7/7
  4501 | D:4      | Found a bloodstained altar of Trog.
  4501 | D:4      | Found a shadowy altar of Dithmenos.
  4535 | D:4      | Reached XP level 7. HP: 33/37 MP: 3/8
  5336 | D:5      | Entered Level 5 of the Dungeon
  5438 | D:5      | Reached *** piety under Trog
  5503 | D:5      | Found a glowing silver altar of Zin.
  5514 | D:5      | Found an opulent altar of Gozag.
  5514 | D:5      | Found a sparkling altar of Nemelex Xobeh.
  5544 | D:5      | HP: 1/38 [orc warrior (13)]
  5545 | D:5      | Demolished by an orc warrior

Illustrated notes

Levels and vault maps discovered:
D:1:      dpeg_arrival_orchard, layout_basic, serial_bayou,
          serial_bayou_shore_b, serial_bayou_crossing, serial_bayou_pond_a,
          serial_bayou_pond_b, serial_bayou_pond_e
D:2:      layout_loops_cross, serial_shops, shop_scrolls, shop, shop, shop,
          shapermc_ecumenical_altar_mp_ritualfount
D:3:      layout_loops_ring
D:4:      layout_layer_cave, grunt_temple_overflow_open, st_stairs_2
D:5:      lemuel_insect_pit, layout_loops_corners,
          grunt_temple_overflow_opulence, slow_altar_2, zin_academy

Skill      XL: |  1  2  3  4  5  6 |
---------------+-------------------+-----
Fighting       | 3 4 |  4.3
Axes           | 3 4 |  4.4
Dodging        | 2 3 |  3.4
Armour         | 2 3 |  3.5
Throwing       | |  0.5
Stealth        | |  0.7

Action                   |  1- 3 |  4- 6 |  7- 9 || total
-------------------------+-------+-------+-------++-------
Melee: Hand axe          |    52 |   130 |       ||   182
       Bite              |    16 |    47 |     5 ||    68
       Halberd           |       |    41 |    30 ||    71
Throw: Dart              |       |     3 |     4 ||     7
Invok: Berserk           |       |     7 |       ||     7
  Use: Scroll            |       |     9 |       ||     9
 Stab: Invisible         |       |     1 |       ||     1
Armor: Animal skin       |     4 |       |       ||     4
       Ring mail         |     2 |    35 |    13 ||    50
Dodge: Dodged            |    32 |    96 |    32 ||   160

Table legend: (Time is in decaauts)
 A = Elapsed time spent in this place.
 B = Non-inter-level travel time spent in this place.
 C = Inter-level travel time spent in this place.
 D = Time resting spent in this place.
 E = Time spent auto-exploring this place.
 F = Levels seen in this place.
 G = Mean time per level.
                   A        B        C        D        E       F      G
               +--------+--------+--------+--------+--------+-----+--------+
         Total |   5690 |   5532 |    158 |   1149 |   3534 |   5 | 1138.0 |
       Dungeon |   5690 |   5532 |    158 |   1149 |   3534 |   5 | 1138.0 |
               +--------+--------+--------+--------+--------+-----+--------+

Top non-repeatable levels by time:
     D:1: 1570 daAuts
     D:4: 1536 daAuts
     D:3: 1395 daAuts
     D:2: 969 daAuts
     D:5: 218 daAuts
